 Dungeon Crawl Stone Soup version 0.30-a0-578-gdee14c521f (webtiles) character file.

Game seed: 1353612544676375176

347 spardeous the Ducker (level 6, 0/28 HPs)
             Began as a Felid Earth Elementalist on Dec 31, 2022.
             Slain by a steam dragon (7 damage)
             ... on level 4 of the Dungeon.
             The game lasted 00:07:13 (3307 turns).

spardeous the Ducker (Felid Earth Elementalist)     Turns: 3307, Time: 00:07:13

Health: 0/28       AC:  2    Str:  4    XL:     6   Next: 33%
Magic:  1/12       EV: 19    Int: 19    God:
Gold:   156        SH:  0    Dex: 16    Spells: 4/12 levels left
                                        Lives:  0   Deaths: 1

rFire   + . .      SeeInvis +    (weapon unavailable)
rCold   . . .      Faith    .    (shield unavailable)
rNeg    . . .      Spirit   .    (body armour unavailable)
rPois   .          Reflect  .    (helmet unavailable)
rElec   .          Harm     .    (cloak unavailable)
rCorr   .          Rampage  .    (gloves unavailable)
Will    .....                    (boots unavailable)
Stlth   ++                       (no amulet)
HPRegen 0.24/turn                q - ring of protection from fire
MPRegen 0.13/turn                (no ring)

@: very slightly contaminated, quick
A: very small, claws 1, fangs 3, see invisible, speed 1, shaggy fur 2, stealthy
paws, no weapons or thrown items, no armour, multi-lived
a: no special abilities


You were on level 4 of the Dungeon.
You visited 1 branch of the dungeon, and saw 4 of its levels.

You collected 156 gold pieces.

Inventory:

Jewellery
 i - a ring of see invisible
 q - a ring of protection from fire (left paw)
 r - a ring of resist corrosion
Wands
 k - a wand of digging (4)
Scrolls
 b - 2 scrolls of magic mapping {unknown}
 c - a scroll of fog {unknown}
 f - a scroll of noise {unknown}
 g - 2 scrolls of fear {unknown}
 j - a scroll of immolation {unknown}
 l - 2 scrolls of identify {unknown}
 o - a scroll of vulnerability {unknown}
Potions
 a - a potion of magic
 d - 2 potions of flight {unknown}
 e - a potion of heal wounds {unknown}
 h - a potion of haste {unknown}
 m - 2 potions of curing {unknown}
 n - a potion of might {unknown}
 p - a potion of attraction {unknown}


   Skills:
 + Level 3.3 Fighting
 - Level 5.0 Dodging
 - Level 2.6 Stealth
 + Level 3.7 Spellcasting
 - Level 1.1 Transmutations
 - Level 4.0 Earth Magic


You had 4 spell levels left.
You knew the following spells:

 Your Spells              Type           Power      Damage    Failure   Level
a - Sandblast             Erth           36%        2d10      2%          1
b - Stone Arrow           Conj/Erth      22%        3d8       19%         3
c - Petrify               Tmut/Erth      13%        N/A       43%         4

Your spell library contained the following spells:

 Spells                   Type           Power      Damage    Failure   Level
 Passwall                 Tmut/Erth      10%        N/A       8%          2


Dungeon Overview and Level Annotations

Branches:
Dungeon (4/15)
 Temple: D:4-7

Altars:
Elyvilon
Kikubaaqudgha
Trog
Uskayaw
Wu Jian
Zin


Innate Abilities, Weirdness & Mutations

You have sharp claws.
You have razor-sharp teeth.
You have supernaturally acute eyesight. (SInv)
You cover ground quickly. (Speed+)
You are covered in thick fur. (AC +2)
Your paws help you pounce on unaware monsters.
You are incapable of wielding weapons or throwing items.
You cannot wear armour.
You gain extra lives every three experience levels.


Message History

The blast of sand misses the steam dragon.
The steam dragon completely misses you. x2
Casting: Sandblast (safe; 2% risk of failure)
Confirm with . or Enter, or press ? or * to list all spells.
Aiming: Sandblast (safe; 2% risk of failure)
Press: ? - help, Shift-Dir - straight line, f/p - steam dragon
Aim: a steam dragon (severely wounded, 82% to hit)
The blast of sand hits the steam dragon but does no damage.
The steam dragon is severely wounded.
The steam dragon completely misses you. The steam dragon barely misses you.
Casting: Sandblast (safe; 2% risk of failure)
Confirm with . or Enter, or press ? or * to list all spells.
Aiming: Sandblast (safe; 2% risk of failure)
Press: ? - help, Shift-Dir - straight line, f/p - steam dragon
Aim: a steam dragon (severely wounded, 82% to hit)
The blast of sand hits the steam dragon.
The steam dragon is almost dead.
The steam dragon breathes steam at you. The ball of steam hits you. You resist.
* * * LOW HITPOINT WARNING * * *
The steam dragon closely misses you. The steam dragon claws you.
* * * LOW HITPOINT WARNING * * *
Casting: Sandblast (safe; 2% risk of failure)
Confirm with . or Enter, or press ? or * to list all spells.
Aiming: Sandblast (safe; 2% risk of failure)
Press: ? - help, Shift-Dir - straight line, f/p - steam dragon
Aim: a steam dragon (almost dead, catching its breath, 82% to hit)
You miscast Sandblast.
You are very lightly contaminated with residual magic.
Nothing appears to happen.
The steam dragon barely misses you. The steam dragon misses you.
Casting: Sandblast (safe; 2% risk of failure)
Confirm with . or Enter, or press ? or * to list all spells.
Aiming: Sandblast (safe; 2% risk of failure)
Press: ? - help, Shift-Dir - straight line, f/p - steam dragon
Aim: a steam dragon (almost dead, catching its breath, 82% to hit)
The blast of sand hits the steam dragon.
The steam dragon is almost dead.
The steam dragon bites you!
You die...

### #. ### #.. # ..
..# ####.### #.#
.###.#.#......# #.#
...........#.# #.#
..§#.#......# #.# .§#
##.#...# #.# #.#
...#...# #.#
#@####.#...#####.# .
#D####.#..........
#...#W.!......########
#......#............
#......#####.#######
.....(..... ... ..
#.W..#.....# ....# ##
+....#.###... ......
#...##.. .... ...##


You could see a steam dragon (catching breath) and a phantom.

Vanquished Creatures
  The ghost of Khashishi the Trooper, an amateur OgWr of Makhleb (D:3)
  2 bullfrog skeletons (D:3)
  Robin (D:2)
  5 adders
  8 gnolls
  A worm (D:2)
  A dart slug (D:1)
  4 ball pythons
  5 bats
  5 endoplasms
  2 giant cockroaches (D:3)
  8 goblins
  9 hobgoblins
  6 jackals
  4 kobolds
  A quokka (D:3)
  5 frilled lizards
  2 rats
70 creatures vanquished.

Notes
Turn   | Place    | Note
-------+----------+-------------------------------------------
     0 | D:1      | spardeous the Felid Earth Elementalist began the quest for
                  | the Orb.
     0 | D:1      | Reached XP level 1. HP: 7/7 MP: 4/4
    83 | D:1      | Reached skill level 3 in Dodging
    83 | D:1      | Reached XP level 2. HP: 11/11 MP: 3/6
   616 | D:1      | Reached XP level 3. HP: 14/14 MP: 2/7
   782 | D:1      | Learned a level 3 spell: Stone Arrow
   991 | D:2      | Reached skill level 4 in Dodging
  1454 | D:2      | Reached XP level 4. HP: 18/18 MP: 6/8
  1550 | D:2      | Noticed Robin
  1554 | D:2      | Killed Robin
  1724 | D:2      | Reached skill level 5 in Dodging
  2164 | D:3      | Slain by a gnoll
  2165 | D:3      | Reached XP level 3. HP: -2/15 MP: 6/7
  2165 | D:3      | Found an ornate altar of the Wu Jian Council.
  2165 | D:3      | Found a hide-covered altar of Uskayaw.
  2165 | D:3      | Found a glowing silver altar of Zin.
  2165 | D:3      | Found an ancient bone altar of Kikubaaqudgha.
  2165 | D:3      | Found a bloodstained altar of Trog.
  2165 | D:3      | Found a white marble altar of Elyvilon.
  2186 | D:3      | Reached XP level 4. HP: 18/18 MP: 6/8
  2221 | D:3      | Reached skill level 1 in Fighting
  2505 | D:3      | Found a runed translucent gate.
  2505 | D:3      | Found a runed translucent gate.
  2506 | D:3      | Found a runed translucent gate.
  2519 | D:3      | Noticed Khashishi's ghost (amateur OgWr)
  2670 | D:3      | Identified the +5 ring mail of Dagrig {Fly}
  2888 | D:3      | Reached XP level 5. HP: 16/22 MP: 4/10
  3073 | D:3      | Killed Khashishi's ghost
  3074 | D:3      | Gained mutation: You are covered in thick fur. (AC +2)
                  | [Felid growth]
  3074 | D:3      | Reached XP level 6. HP: 23/28 MP: 1/12
  3176 | D:3      | Learned a level 4 spell: Petrify
  3254 | D:4      | Noticed a steam dragon
  3307 | D:4      | Slain by a steam dragon

Illustrated notes

Levels and vault maps discovered:
D:1:      minmay_arrival_four_loops, layout_basic, corexii_leaking_fountain
D:2:      layout_loops_cross, minmay_misc_feat_encased, roderic_serpentine_path,
          uniq_robin
D:3:      layout_rooms, grunt_temple_overflow_open, gammafunk_ghost_necromancy
D:4:      layout_basic, minmay_temple_entry_large_hall, minmay_misc_feat_chi

Skill      XL: |  1  2  3  4  5 |
---------------+----------------+-----
Dodging        | 3 4 5 |  5.0
Earth Magic    | 3 4 |  4.0
Fighting       | 2 3 |  3.3
Spellcasting   | 3 |  3.7
Stealth        | |  2.6
Transmutations | |  1.1

Action                   |  1- 3 |  4- 6 || total
-------------------------+-------+-------++-------
Melee: Unarmed           |     2 |       ||     2
 Cast: Sandblast         |    53 |    81 ||   134
       Stone Arrow       |       |     4 ||     4
Armor: Skin              |     1 |     2 ||     3
Dodge: Dodged            |    23 |    42 ||    65

Table legend: (Time is in decaauts)
 A = Elapsed time spent in this place.
 B = Non-inter-level travel time spent in this place.
 C = Inter-level travel time spent in this place.
 D = Time resting spent in this place.
 E = Time spent auto-exploring this place.
 F = Levels seen in this place.
 G = Mean time per level.
                   A        B        C        D        E       F      G
               +--------+--------+--------+--------+--------+-----+--------+
         Total |   2953 |   2843 |    110 |    119 |   2042 |   4 |  738.2 |
       Dungeon |   2953 |   2843 |    110 |    119 |   2042 |   4 |  738.2 |
               +--------+--------+--------+--------+--------+-----+--------+

Top non-repeatable levels by time:
     D:2: 1027 daAuts
     D:3: 919 daAuts
     D:1: 895 daAuts
     D:4: 110 daAuts
